Map: Ephemeron LE

Players

uThermal - Winner!

  • Race: Terran Terran
  • Spawn Location: 5:00

RagnaroK (SHIN)

  • Race: Zerg Zerg
  • Spawn Location: 11:00

Event: IEM Katowice 2020

VOD

Have the link to the VOD?

Description

Time

  • Played on: Feb. 25, 2020, 12:52 p.m.
  • Length: 20:18
Show
View Real Time Build Order
Export as new Build Order

uThermal Terran - Winner!

Build Orders: Reaper Expand, Hellion Banshee 

Get SALT Encoding   

  12  0:01  SCV  
  13  0:13  SCV  
  14  0:17  Supply Depot  
  14  0:25  SCV  
  15  0:39  SCV  
  15  0:40  Barracks  
  16  0:43  Refinery  
  16  0:51  SCV  
  17  1:03  SCV  
  18  1:15  SCV  
  19  1:27  Reaper, Orbital Command  
  20  1:41  Command Center  
  20  1:49  Supply Depot  
  20  1:53  SCV  
  21  1:58  Marine  
  22  2:06  SCV  
  23  2:09  Factory  
  23  2:18  SCV  
  23  2:19  Barracks Reactor  
  23  2:22  Refinery  
  24  2:30  SCV  
  25  2:42  SCV  
  26  2:53  Starport  
  26  2:54  SCV  
  26  2:55  Orbital Command  
  27  3:00  Hellion x2  
  31  3:06  SCV  
  31  3:09  Barracks Tech Lab  
  32  3:18  SCV  
  33  3:21  SCV  
  33  3:23  Hellion x2  
  38  3:31  Supply Depot  
  38  3:33  SCV  
  39  3:37  Banshee  
  39  3:38  Cloaking Field  
  42  3:45  Hellion  
  42  3:47  Hellion  
  46  3:56  SCV  
  46  4:01  Supply Depot  
  44  4:23  Hellion x2  
  44  4:25  SCV  
  44  4:26  Banshee  
  46  4:32  SCV  
  46  4:39  SCV  
  46  4:44  SCV, Hellion  
  46  4:50  Supply Depot  
  46  4:51  SCV  
  45  4:56  SCV, Hellion  
  46  5:11  SCV, Hellion, Banshee  
  46  5:12  SCV  
  53  5:14  Supply Depot  
  53  5:18  Hellion  
  55  5:23  SCV  
  55  5:24  SCV  
  55  5:33  Hellion  
  55  5:35  SCV  
  55  5:42  SCV  
  57  5:44  Command Center  
  57  5:48  SCV  
  56  5:50  Hellion  
  56  5:54  SCV  
  55  6:11  SCV  
  52  6:12  SCV, Barracks Tech Lab  
  51  6:26  SCV  
  51  6:31  SCV  
  51  6:32  Starport Reactor  
  53  6:33  Barracks  
  53  6:34  Barracks x3  
  53  6:36  Marine  
  53  6:38  Stimpack  
  53  6:39  Siege Tank  
  54  6:40  SCV  
  54  6:47  SCV  
  52  6:54  Marine  
  51  7:03  Engineering Bay x2  
  51  7:04  SCV  
  51  7:05  SCV  
  53  7:09  Refinery  
  53  7:10  Refinery  
  53  7:12  Marine  
  54  7:16  SCV  
  54  7:17  SCV  
  54  7:19  Starport Reactor  
  57  7:27  Barracks Reactor x2  
  57  7:29  SCV x2, Marine  
  58  7:33  Terran Infantry Weapons Level 1, Terran Infantry Armor Level 1  
  58  7:34  Marine  
  58  7:36  Marine x3  
  64  7:37  Orbital Command  
  64  7:41  SCV x2  
  65  7:47  Supply Depot, Marine, Siege Tank  
  69  7:51  Marine  
  69  7:53  SCV x2, Marine  
  69  7:54  Marine  
  69  7:55  Medivac x2  
  78  8:00  Marine  
  78  8:02  Supply Depot  
  78  8:03  Supply Depot  
  78  8:04  Marine x3  
  78  8:05  SCV x2, Marine  
  84  8:09  SCV, Marine x2  
  84  8:11  Supply Depot  
  88  8:13  Marine x2  
  88  8:18  SCV, Marine  
  92  8:21  Combat Shield  
  92  8:24  SCV x2, Siege Tank  
  92  8:26  Medivac  
  99  8:30  Medivac  
  99  8:33  Marine  
  102  8:34  Marine  
  102  8:35  Marine  
  102  8:39  Supply Depot  
  102  8:41  Supply Depot  
  104  8:44  Armory, SCV, Marine x2  
  104  8:45  Marine  
  104  8:46  SCV  
  104  8:47  Marine  
  110  8:54  SCV, Marine  
  113  8:56  Siege Tank  
  113  8:58  SCV x2, Supply Depot  
  113  9:02  Marine x2  
  119  9:06  SCV, Marine x2  
  119  9:07  Marine  
  123  9:11  Supply Depot  
  123  9:12  Marine  
  123  9:15  Marine  
  125  9:20  Medivac  
  125  9:22  Medivac, Marine  
  125  9:23  Supply Depot  
  130  9:24  Marine  
  131  9:32  Barracks x2  
  131  9:33  Barracks  
  131  9:37  Marine  
  131  9:38  Marine x2  
  123  9:41  Marine x2  
  123  9:45  Terran Infantry Armor Level 2, Terran Infantry Weapons Level 2  
  124  9:50  Medivac, Marine x2  
  124  9:51  Marine  
  118  9:53  Marine  
  118  9:57  Marine  
  118  9:58  Marine x2, Siege Tank  
  125  10:00  Marine x2  
  127  10:08  Marine x2  
  127  10:09  Marine  
  127  10:10  Supply Depot  
  127  10:11  Supply Depot, Marine  
  131  10:15  Terran Vehicle Weapons Level 1, Marine  
  131  10:16  Marine x2  
  131  10:17  Medivac  
  136  10:21  Marine x3  
  136  10:23  Marine x2  
  136  10:25  Medivac, Marine  
  136  10:26  Marine  
  136  10:27  Marine  
  143  10:30  Marine  
  143  10:33  Marine x2  
  143  10:34  Marine  
  147  10:35  Supply Depot  
  147  10:39  Marine x3, Siege Tank  
  147  10:41  Marine x2  
  155  10:45  Marine x2  
  155  10:47  Medivac, Marine  
  155  10:48  Marine  
  160  10:51  Marine  
  160  10:52  Marine  
  160  10:56  Marine  
  162  10:57  Marine  
  162  10:58  Command Center, Marine  
  162  10:59  Marine  
  162  11:02  Medivac  
  162  11:04  Marine  
  168  11:06  Marine  
  168  11:09  Marine  
  167  11:11  Marine x2  
  167  11:12  Marine  
  167  11:15  Marine  
  167  11:16  Marine x2  
  167  11:19  Supply Depot  
  167  11:20  Supply Depot, Missile Turret x2, Marine  
  167  11:23  Siege Tank  
  170  11:29  Medivac, Marine  
  173  11:40  Marine x7, Sensor Tower  
  173  11:43  Marine  
  181  11:47  Marine  
  181  11:48  Marine x3  
  185  11:55  Siege Tank  
  185  11:58  Marine  
  185  11:59  Supply Depot  
  189  12:09  Marine x5  
  194  12:17  Marine x2  
  194  12:18  Marine  
  194  12:20  Marine  
  194  12:21  Medivac  
  200  12:42  Marine  
  196  13:02  Marine x2  
  196  13:04  Planetary Fortress, Marine x2  
  196  13:05  Marine x3, Siege Tank  
  137  13:06  Marine  
  137  13:07  Marine x4  
  137  13:09  Terran Infantry Weapons Level 3, Command Center  
  137  13:10  Terran Infantry Armor Level 3  
  137  13:11  SCV x2  
  140  13:13  SCV  
  139  13:20  Marine x2  
  139  13:22  Marine x2  
  139  13:23  SCV x2, Marine x3  
  139  13:24  Marine  
  139  13:26  Marauder, Barracks Tech Lab  
  139  13:27  Barracks Tech Lab x2  
  151  13:38  Marine x2  
  151  13:39  Refinery  
  151  13:40  Refinery, Marine  
  154  13:44  Concussive Shells  
  154  13:47  Marauder, Marine  
  154  13:48  Marine x3  
  157  13:50  Marauder  
  157  13:53  Marauder  
  164  14:00  Marine  
  164  14:01  Marauder, Marine  
  171  14:02  Siege Tank  
  171  14:08  Marine  
  171  14:09  Marauder, Marine x2  
  176  14:11  Marauder  
  176  14:14  Marauder, Liberator  
  176  14:15  Liberator  
  186  14:18  Marine  
  186  14:21  Marine  
  186  14:22  Marauder  
  190  14:24  Marine  
  190  14:30  Marauder, Marine  
  194  14:33  Marauder  
  194  14:35  Marine  
  194  14:36  Marauder  
  199  14:39  Marine  
  200  15:01  Planetary Fortress  
  200  15:05  Command Center  
  200  15:06  Command Center  
  200  15:15  Command Center x2  
  200  15:17  Fusion Core  
  200  15:37  Marine  
  198  15:44  Marine, Liberator  
  198  15:45  Marauder  
  184  15:51  Siege Tank  
  184  15:54  Liberator  
  127  16:08  Marauder, Marine  
  114  16:11  Marine x2  
  114  16:12  Marauder x2  
  114  16:15  SCV x2  
  114  16:16  Marauder, Marine x2  
  114  16:18  Marine x2  
  127  16:21  Orbital Command  
  127  16:23  SCV, Marine, Siege Tank  
  133  16:27  Liberator  
  133  16:30  Marauder, Marine  
  139  16:33  Marauder x2, Weapon Refit  
  139  16:34  Marine x2  
  139  16:35  Marine  
  139  16:36  Marine  
  139  16:37  Liberator  
  139  16:38  Marauder  
  139  16:39  Orbital Command  
  152  16:43  Marine  
  153  16:51  Marauder, Marine  
  156  16:55  Marauder  
  156  17:01  Marauder, Marine  
  122  17:10  Liberator  
  122  17:13  Marauder x2, Marine x3  
  118  17:16  Marauder  
  118  17:19  Marine  
  118  17:20  Marine x2, Liberator  
  118  17:21  Marine  
  127  17:23  Marauder  
  127  17:26  Marine  
  127  17:27  Siege Tank  
  133  17:30  Marine  
  133  17:34  Marine x2  
  133  17:35  Planetary Fortress, Marauder  
  140  17:42  Marine x2  
  140  17:47  Marine x2  
  140  17:49  Marine  
  140  17:50  Marine  
  144  17:52  Marine x2, Liberator  
  144  17:57  Marine  
  150  17:58  Marine  
  150  17:59  Marine  
  150  18:03  Liberator  
  155  18:08  Marine x3  
  155  18:09  Marauder  
  155  18:10  Siege Tank  
  163  18:15  Marauder  
  163  18:16  Starport, Marine  
  163  18:17  Marauder  
  163  18:18  Marine  
  163  18:19  Marauder  
  171  18:28  Planetary Fortress  
  171  18:30  Marine x2  
  171  18:31  Marauder  
  175  18:35  Liberator  
  175  18:38  Marine  
  175  18:39  Marauder x2, Marine  
  184  18:42  Siege Tank  
  184  18:43  Marauder  
  184  18:47  Marine  
  190  18:52  Marauder  
  190  18:53  Liberator  
  195  18:58  Sensor Tower  
  195  19:03  Marine  
  195  19:04  Marauder  
  195  19:09  Marine  
  198  19:10  Marauder  
  198  19:14  Command Center  
  198  19:26  Marine  
  198  19:29  Marine  
  200  19:32  Command Center x2  
  185  19:41  Marine  
  185  19:42  Marauder, Marine  
  185  19:43  Marauder  
  185  19:44  Marine x2  
  185  19:45  Siege Tank  
  187  19:48  Marauder, Marine  
Show
View Real Time Build Order
Export as new Build Order

RagnaroK Zerg 

Build Orders: Hatch First 

Get SALT Encoding   

  12  0:00  Drone  
  13  0:12  Overlord  
  13  0:17  Drone  
  14  0:31  Drone x2  
  16  0:48  Hatchery  
  15  0:51  Drone  
  15  0:55  Drone  
  17  0:58  Drone  
  18  1:10  Extractor  
  17  1:14  Spawning Pool  
  17  1:17  Drone  
  17  1:20  Drone  
  18  1:28  Drone  
  19  1:40  Drone  
  20  1:50  Overlord  
  20  2:00  Queen x2  
  20  2:01  Zergling x4  
  26  2:08  Roach Warren  
  25  2:12  Drone  
  25  2:14  Drone  
  27  2:21  Drone  
  28  2:24  Overlord  
  28  2:40  Overlord  
  28  2:50  Roach x3  
  34  2:54  Roach x2  
  38  3:04  Roach x2  
  42  3:11  Ravager, Drone x2  
  42  3:12  Drone  
  46  3:15  Drone  
  47  3:20  Drone  
  48  3:32  Hatchery  
  47  3:34  Drone  
  48  3:41  Zergling x4  
  48  3:45  Drone x3  
  50  3:49  Drone x2  
  50  3:51  Drone  
  51  3:55  Drone  
  51  4:02  Overlord  
  51  4:09  Overlord  
  51  4:14  Drone x2  
  51  4:20  Queen  
  51  4:21  Drone x2  
  55  4:30  Queen  
  53  4:32  Drone  
  53  4:35  Drone  
  55  4:38  Spore Crawler  
  55  4:44  Drone x2  
  52  4:45  Drone  
  52  4:50  Zergling x6  
  54  4:54  Spore Crawler, Drone x2  
  54  4:55  Queen  
  54  4:56  Drone  
  54  5:01  Metabolic Boost  
  54  5:03  Spore Crawler  
  54  5:04  Spore Crawler  
  54  5:06  Drone  
  53  5:09  Extractor  
  53  5:10  Drone x2  
  54  5:15  Roach x2  
  54  5:19  Spore Crawler  
  54  5:20  Drone  
  54  5:21  Drone, Extractor  
  59  5:23  Drone  
  59  5:24  Drone  
  59  5:27  Overlord  
  62  5:30  Roach x2  
  62  5:32  Drone  
  62  5:33  Drone  
  66  5:38  Drone x3  
  66  5:41  Queen  
  69  5:44  Drone  
  69  5:46  Drone x2  
  69  5:48  Drone  
  70  5:55  Drone  
  64  5:57  Drone  
  64  5:59  Queen  
  64  6:02  Drone  
  64  6:03  Drone  
  66  6:06  Drone  
  66  6:09  Lair  
  66  6:10  Drone  
  62  6:13  Zergling x6  
  62  6:16  Zergling x2  
  62  6:17  Zergling x2  
  66  6:21  Drone x3  
  66  6:22  Queen  
  66  6:24  Drone  
  63  6:26  Zergling x2  
  63  6:27  Zergling x2  
  65  6:34  Queen  
  65  6:35  Zergling x2  
  65  6:37  Zergling x4  
  65  6:39  Zergling x2, Roach  
  67  6:41  Drone  
  67  6:45  Drone  
  60  6:48  Drone  
  60  6:52  Drone  
  60  6:54  Drone x2  
  60  6:56  Drone  
  60  6:58  Queen  
  60  6:59  Drone  
  62  7:01  Drone  
  62  7:02  Drone  
  63  7:09  Drone  
  63  7:10  Queen x2, Drone  
  63  7:11  Drone x2  
  63  7:12  Overseer  
  63  7:15  Drone x2  
  72  7:18  Drone  
  72  7:19  Overseer, Extractor x2  
  71  7:23  Extractor  
  71  7:24  Extractor  
  71  7:25  Zergling x2, Baneling Nest  
  71  7:26  Zergling x2  
  71  7:29  Ravager  
  73  7:32  Drone x4  
  73  7:35  Drone  
  73  7:37  Drone  
  79  7:39  Drone  
  79  7:40  Evolution Chamber  
  79  7:41  Evolution Chamber  
  79  7:43  Drone x3  
  81  7:48  Overlord x2  
  81  7:52  Overlord  
  81  8:02  Overlord  
  81  8:06  Zerg Melee Weapons Level 1  
  81  8:07  Hatchery, Zerg Ground Armor Level 1  
  81  8:08  Centrifical Hooks  
  81  8:09  Roach  
  81  8:10  Roach  
  81  8:11  Zergling x2  
  85  8:14  Zergling x6  
  85  8:15  Zergling x2  
  89  8:20  Zergling x2  
  89  8:21  Zergling x8  
  94  8:28  Zergling x6, Roach  
  94  8:30  Ravager x2  
  94  8:31  Zergling x2  
  94  8:32  Baneling x3  
  94  8:33  Baneling x4  
  102  8:37  Overlord  
  102  8:40  Zergling x2  
  103  8:44  Zergling x2  
  103  8:48  Zergling x8  
  108  8:49  Zergling x4  
  108  8:50  Zergling x4  
  108  8:51  Baneling x3  
  108  8:52  Baneling  
  108  8:55  Zergling x2, Infestation Pit  
  113  9:02  Zergling x4  
  114  9:07  Zergling x4, Roach  
  114  9:08  Ravager  
  119  9:12  Overlord  
  119  9:13  Zergling x4  
  121  9:19  Zergling x8  
  121  9:22  Queen  
  124  9:28  Drone x6  
  123  9:31  Drone x2  
  123  9:34  Drone  
  123  9:36  Drone  
  123  9:37  Drone x2  
  115  9:38  Hive  
  115  9:39  Drone  
  115  9:41  Drone x2  
  115  9:43  Queen  
  118  9:49  Zergling x8  
  118  9:50  Zergling x2  
  118  9:51  Ravager  
  114  10:03  Drone x2  
  114  10:04  Drone x3  
  114  10:05  Drone  
  120  10:07  Zerg Melee Weapons Level 2  
  120  10:09  Zergling x6  
  120  10:11  Zergling x2  
  120  10:13  Spore Crawler  
  120  10:14  Baneling x8, Extractor  
  122  10:15  Zergling x4  
  122  10:17  Zergling x4  
  122  10:18  Zergling x2  
  127  10:22  Zergling x10  
  127  10:28  Hatchery  
  130  10:29  Zergling x2  
  130  10:31  Overlord  
  130  10:32  Overlord  
  130  10:33  Zergling x6  
  134  10:42  Zerg Ground Armor Level 2  
  128  10:43  Zergling x16  
  128  10:48  Drone x3  
  134  10:50  Zergling x2  
  134  10:55  Overlord  
  134  10:56  Zergling x4  
  134  10:57  Zergling x4  
  138  11:01  Viper  
  138  11:02  Zergling x6  
  144  11:06  Overlord  
  144  11:07  Zergling x4  
  144  11:10  Zergling x2  
  144  11:13  Zergling x4  
  144  11:14  Zergling x4  
  144  11:17  Viper  
  146  11:18  Zergling x6  
  146  11:19  Zergling x2  
  146  11:23  Zergling x2  
  146  11:25  Overlord  
  150  11:28  Zergling x2  
  150  11:29  Overlord  
  150  11:31  Adrenal Glands  
  150  11:32  Extractor  
  148  11:33  Zergling x14  
  155  11:40  Overlord x2  
  155  11:41  Drone x2  
  155  11:42  Drone x2  
  159  11:49  Drone x5  
  159  11:51  Baneling x11  
  164  11:55  Zergling x6  
  164  12:01  Zergling x8  
  171  12:04  Baneling x7  
  171  12:05  Zergling x8  
  171  12:07  Overlord  
  173  12:11  Zergling x4  
  173  12:13  Zergling x6  
  173  12:15  Baneling x6  
  178  12:17  Zergling x14  
  178  12:19  Baneling x4  
  178  12:22  Zergling x4  
  183  12:28  Zergling x12  
  187  12:32  Baneling x8  
  187  12:35  Zergling x6  
  190  12:42  Zergling x14  
  190  12:43  Hatchery  
  192  12:47  Zergling x12  
  196  12:52  Zergling x4  
  196  12:54  Zergling x2  
  196  12:56  Zergling x2  
  196  12:57  Zergling x2  
  185  12:58  Zergling x2  
  185  12:59  Zergling x2  
  185  13:00  Zergling x2  
  185  13:03  Zergling x4  
  158  13:09  Drone  
  158  13:12  Zerg Melee Weapons Level 3  
  158  13:13  Zerg Ground Armor Level 3  
  158  13:16  Hatchery  
  154  13:23  Ultralisk Cavern  
  153  13:28  Drone x4  
  157  13:34  Zergling x14  
  157  13:40  Drone x2  
  167  13:46  Zergling x2  
  167  13:47  Zergling x24  
  179  13:54  Zergling x4  
  175  14:02  Hatchery  
  193  14:10  Ultralisk x4  
  193  14:16  Chitinous Plating, Drone x2  
  194  14:19  Zergling x10  
  195  14:26  Baneling x2  
  195  14:27  Baneling x7  
  195  14:41  Spore Crawler  
  195  14:42  Spine Crawler  
  193  14:46  Baneling x13  
  193  14:52  Zergling x12  
  191  15:04  Zergling x6  
  191  15:06  Extractor  
  192  15:12  Baneling x10  
  192  15:13  Hatchery, Baneling  
  191  15:14  Zergling x16  
  199  15:23  Extractor  
  198  15:35  Anabolic Synthesis  
  195  15:38  Zergling x20  
  179  15:50  Zergling x8  
  179  15:51  Zergling x10  
  179  15:52  Zergling x2  
  179  15:54  Zergling x8  
  179  15:56  Zergling x6, Ultralisk  
  179  16:03  Ultralisk  
  179  16:04  Zergling x4, Ultralisk  
  159  16:12  Zergling x6, Hatchery  
  159  16:13  Zergling x2  
  159  16:16  Zergling x2  
  159  16:18  Drone  
  170  16:27  Zergling x2  
  170  16:28  Baneling  
  170  16:29  Baneling  
  170  16:31  Baneling x12  
  170  16:32  Baneling  
  165  16:34  Zergling x2  
  165  16:35  Zergling x2  
  165  16:38  Zergling x4  
  169  16:41  Baneling x3  
  169  16:45  Zergling x6  
  172  16:50  Baneling x8  
  172  16:54  Zergling x6  
  168  17:00  Zergling x8  
  155  17:01  Zergling x2  
  155  17:02  Zergling x2  
  155  17:03  Zergling x2  
  155  17:06  Zergling x4  
  155  17:07  Zergling x2  
  145  17:08  Zergling x2  
  145  17:10  Zergling x2  
  145  17:11  Zergling x2  
  145  17:12  Zergling x2  
  145  17:14  Zergling x2  
  145  17:15  Zergling x2  
  134  17:22  Zergling x2, Roach x3  
  129  17:28  Spire  
  128  17:33  Drone x5  
  131  17:44  Ravager  
  131  17:45  Ravager x2  
  131  17:46  Viper x2  
  131  17:48  Drone x4  
  144  17:56  Drone  
  144  17:57  Drone x5  
  150  18:02  Spore Crawler  
  149  18:09  Zergling x10, Ultralisk  
  150  18:29  Drone x3  
  150  18:30  Drone x2  
  150  18:34  Drone  
  155  18:36  Spore Crawler, Drone  
  155  18:39  Spore Crawler, Corruptor x7  
  155  18:40  Corruptor  
  170  18:44  Roach  
  170  18:45  Zergling x6  
  173  18:53  Zergling x2  
  173  18:54  Zergling x14  
  179  19:04  Zergling x6, Ultralisk  
  179  19:07  Baneling  
  179  19:08  Baneling x6  
  188  19:11  Baneling x2  
  188  19:12  Baneling x2  
  188  19:13  Zergling x8  
  192  19:17  Baneling x3  
  192  19:20  Zergling x10  
  196  19:25  Zergling x10  
  196  19:27  Baneling  
  196  19:28  Baneling x6  
  196  19:30  Zergling x4  
  195  19:32  Zergling x2  
  195  19:35  Zergling x2  
  195  19:36  Zergling x8  
  195  19:37  Zergling x2  
  171  19:40  Zergling x4  
  171  19:43  Zergling x8  
  171  19:44  Zergling x2  
  144  19:45  Zergling x2  
  144  19:48  Zergling x6  
  144  19:52  Zergling x2  
  145  19:53  Zergling x2  
  145  19:55  Zergling x6  
  145  19:56  Zergling x2  
  145  19:57  Zergling x4  
  145  19:58  Zergling x2  
  129  20:00  Zergling x2  

Tags
 
Add a new tag
Caveats
  • Supply blocks, unpowered buildings, or Contaminate may cause inaccurate times.
  • Supply counts are checked every 10 seconds.